Map: Ulrena

Players

zidar

  • Race: Zerg Zerg
  • League: Gold
  • Spawn Location: 7:00

Николай - Winner!

  • Race: Zerg Zerg
  • League: Silver
  • Spawn Location: 11:00

VOD

Have the link to the VOD?

Description

Time

  • Played on: June 7, 2016, 1:45 p.m.
  • Length: 4:03
Show
View Real Time Build Order
Export as new Build Order

zidar Zerg 

Build Orders: Pool First 

Get SALT Encoding   

  12  0:01  Drone  
  13  0:12  Overlord  
  13  0:17  Drone  
  14  0:30  Drone x2  
  16  0:36  Drone  
  17  0:48  Spawning Pool  
  16  0:50  Drone  
  17  1:17  Hatchery, Drone  
  17  1:22  Extractor, Drone  
  17  1:26  Drone  
  18  1:41  Queen  
  18  1:42  Zergling x2  
  18  1:45  Zergling x2  
  22  2:10  Overlord  
  22  2:11  Overlord  
  23  2:32  Zergling x4  
  19  3:03  Zergling x6  
  19  3:04  Queen  
  23  3:14  Spine Crawler  
  22  3:25  Baneling Nest  
  21  3:27  Drone x3  
Show
View Real Time Build Order
Export as new Build Order

Николай Zerg - Winner!

Build Orders: Pool First 

Get SALT Encoding   

  12  0:01  Drone  
  13  0:10  Drone  
  14  0:17  Extractor  
  14  0:19  Drone  
  14  0:32  Spawning Pool  
  13  0:36  Drone  
  14  0:43  Extractor, Drone  
  15  0:52  Overlord  
  15  1:18  Metabolic Boost  
  15  1:25  Queen  
  15  1:28  Zergling x6  
  20  1:39  Zergling x2  
  21  1:53  Zergling x2  
  22  2:04  Overlord  
  22  2:18  Hatchery  
  21  2:26  Zergling x4  
  23  2:38  Zergling x2  
  23  2:57  Zergling x4  
  24  3:15  Zergling x2  
  25  3:20  Zergling x2  
  24  3:43  Zergling x6  
  24  3:44  Zergling x8  
Tags
 
Matchup
ZvZ
Race
Zerg
Spawn Locations
Close Positions
Add a new tag
Caveats
  • Supply blocks, unpowered buildings, or Contaminate may cause inaccurate times.
  • Supply counts are checked every 10 seconds.